 Dungeon Sprint DCSS version 0.19.5 (webtiles) character file.

703 strmesko the Fighter (level 7, -1/91 HPs)
             Began as a Troll Berserker on Mar 19, 2017.
             Was an Elder of Trog.
             Slain by a gargoyle
             ... wielding a +0 mace
              (5 damage)
             ... in the Dungeon (Sprint IX: "|||||||||||||||||||||||||||||").
             The game lasted 00:02:30 (139 turns).

strmesko the Fighter (Troll Berserker)               Turns: 139, Time: 00:02:31

Health: -1/91      AC:  5    Str: 31    XL:     7   Next: 39%
Magic:  6/6        EV: 12    Int:  3    God:    Trog [****..]
Gold:   0          SH:  0    Dex:  9    Spells: 0 memorised, 6 levels left

rFire  . . .     SeeInvis .     l - +2 dire flail (crush)
rCold  . . .     Gourm    +     a - +0 animal skin
rNeg   . . .     Faith    .     (shield currently unavailable)
rPois  .         Spirit   .     (helmet restricted)
rElec  .         Reflect  .     (no cloak)
rCorr  .         Harm     .     (gloves unavailable)
MR     .....     NoTele   +     (boots unavailable)
Stlth  +.........               (no amulet)
                                n - +3 ring of strength
                                m - +2 ring of evasion

@: exhausted, slowed, very slow
A: unfitting armour, claws 3, fast metabolism 3, gourmand, regeneration 1,
shaggy fur 1, tough skin 2
a: Berserk, Trog's Hand, Brothers in Arms, Burn Spellbooks, Renounce Religion


You were in the Dungeon.
You worshipped Trog.
Trog was greatly pleased with you.
You were full.

You visited 1 branch

Inventory:

Hand Weapons
 l - a +2 dire flail of crushing (weapon)
Armour
 a - a +0 animal skin (worn)
Jewellery
 m - a +2 ring of evasion (left claw)
 n - a +3 ring of strength (right claw)
Wands
 k - a wand of acid (7/15)
Scrolls
 h - 2 scrolls of blinking
 j - 3 scrolls of remove curse
Potions
 c - 5 potions of curing
 d - 3 potions of heal wounds
 e - a potion of haste
 f - 4 potions of magic
 g - a potion of berserk rage
 i - a potion of invisibility
Comestibles
 b - 2 bread rations


   Skills:
 + Level 12.0 Fighting
 + Level 7.1 Maces & Flails
 - Level 2.4 Dodging
 - Level 3.0 Unarmed Combat


You had 6 spell levels left.
You didn't know any spells.

Dungeon Overview and Level Annotations

Branches:
Dungeon (1/1)

Altars:
Cheibriados
Dithmenos
Elyvilon
Fedhas
Gozag
Hepliaklqana
Kikubaaqudgha
Makhleb
Nemelex Xobeh
Okawaru
Qazlal
Ru
Sif Muna
Trog
Uskayaw
Vehumet
Xom
Yredelemnul
Zin
The Shining One
Beogh
Jiyva
Lugonu


Innate Abilities, Weirdness & Mutations

You are too large for most types of armour.
You have claws for hands.
Your metabolism is lightning-fast.
You like to eat raw meat.
Your natural rate of healing is unusually fast.
You are covered in fur. (AC +1)
You have very tough skin. (AC +2)


Message History

You bludgeon the black bear!!
You feel the power of Trog in you as your rage grows.
You kill the black bear!
Trog accepts your kill. The gnoll sergeant closely misses you.
The gnoll sergeant misses you.
Things that are here:
a giant club; a worker ant corpse; a hill giant corpse You barely miss the gnoll sergeant.
You bludgeon the gnoll sergeant!!
You kill the gnoll sergeant!
Trog accepts your kill.
Your Fighting skill increases to level 12!
Your Maces & Flails skill increases to level 7!
You hit the gargoyle.
The gargoyle is moderately damaged.
You are no longer berserk.
You are exhausted.
You feel yourself slow down. The gargoyle hits you with a mace.
You die... ▓▓▓▓▓▓▓▓▓▓▓▓▓▓▓▓▓▓▓▓▓▓▓ +...r9@'..[[[)|?.'.____ ▓▓▓▓▓▓▓▓▓▓▓▓▓▓▓▓▓▓▓▓▓▓▓

You could see a gargoyle and a quokka.

Vanquished Creatures
  A hill giant (D)
  A black bear (D)
  An ogre (D)
  A gnoll sergeant (D)
  A worker ant (D)
  An adder zombie (D)
  An orc (D)
  A bat skeleton (D)
  A hobgoblin (D)
  A ball python zombie (D)
  2 frilled lizards (D)
  A goblin (D)
  A rat (D)
14 creatures vanquished.

Notes
Turn   | Place    | Note
-------+----------+-------------------------------------------
     0 | D        | strmesko the Troll Berserker began the quest for the Orb.
     0 | D        | Reached XP level 1. HP: 22/22 MP: 0/0
    12 | D        | Reached skill level 3 in Fighting
    15 | D        | Reached ** piety under Trog
    36 | D        | Noticed an ogre
    42 | D        | Reached *** piety under Trog
    42 | D        | Reached skill level 4 in Fighting
    42 | D        | Reached XP level 2. HP: 32/32 MP: 1/1
    46 | D        | Killed an ogre
    46 | D        | Reached skill level 7 in Fighting
    46 | D        | Reached XP level 3. HP: 15/48 MP: 2/2
    46 | D        | Reached XP level 4. HP: 18/57 MP: 3/3
    61 | D        | Found a roughly hewn altar of Beogh.
    61 | D        | Found a snail-covered altar of Cheibriados.
    61 | D        | Found a shadowy altar of Dithmenos.
    61 | D        | Found a white marble altar of Elyvilon.
    61 | D        | Found a blossoming altar of Fedhas.
    61 | D        | Found an opulent altar of Gozag.
    62 | D        | Found a hazy altar of Hepliaklqana.
    63 | D        | Found a viscous altar of Jiyva.
    64 | D        | Found an ancient bone altar of Kikubaaqudgha.
    65 | D        | Found a corrupted altar of Lugonu.
    66 | D        | Found a burning altar of Makhleb.
    67 | D        | Found a sparkling altar of Nemelex Xobeh.
    68 | D        | Found an iron altar of Okawaru.
    69 | D        | Found a stormy altar of Qazlal.
    70 | D        | Found a sacrificial altar of Ru.
    71 | D        | Found a deep blue altar of Sif Muna.
    72 | D        | Found a bloodstained altar of Trog.
    73 | D        | Found a hide-covered altar of Uskayaw.
    74 | D        | Found a radiant altar of Vehumet.
    75 | D        | Found a shimmering altar of Xom.
    76 | D        | Found a basalt altar of Yredelemnul.
    77 | D        | Found a glowing silver altar of Zin.
    78 | D        | Found a glowing golden altar of the Shining One.
   123 | D        | Noticed a gargoyle
   123 | D        | Noticed a gnoll sergeant
   123 | D        | Noticed a black bear
   123 | D        | Noticed a hill giant
   129 | D        | HP: 4/85 [hill giant/giant club (27)]
   131 | D        | Killed a hill giant
   131 | D        | Reached **** piety under Trog
   131 | D        | Reached skill level 11 in Fighting
   131 | D        | Reached XP level 5. HP: 6/72 MP: 4/4
   131 | D        | Reached XP level 6. HP: 7/80 MP: 5/5
   131 | D        | Reached XP level 7. HP: 7/88 MP: 6/6
   134 | D        | HP: 2/132 [black bear (3)]
   138 | D        | Reached skill level 12 in Fighting
   139 | D        | Slain by a gargoyle

Skill      XL: |  1  2  3  4  5  6  7 |
---------------+----------------------+-----
Fighting       | 4 7 11 12 | 12.0
Maces & Flails | 6 7 |  7.1
Dodging        | |  2.4
Unarmed Combat | |  3.0

Action                   |  1- 3 |  4- 6 |  7- 9 || total
-------------------------+-------+-------+-------++-------
Melee: Unarmed           |    23 |     4 |       ||    27
       Dire flail        |       |     6 |     7 ||    13
Invok: Berserk           |     1 |     1 |       ||     2
  Eat: Chunk             |     1 |     4 |       ||     5
Armor: Animal skin       |     5 |     2 |     1 ||     8
Dodge: Dodged            |     5 |     2 |     3 ||    10
